 Dungeon Crawl Stone Soup version 0.19.0-24-gb05acd6 (webtiles) character file.

1067 Gargo the Digger (level 8, -1/41 HPs)
             Began as a Gargoyle Earth Elementalist on Nov 22, 2016.
             Was an Initiate of Vehumet.
             Slain by Duvessa
             ... wielding a +0 rapier
              (8 damage)
             ... on level 6 of the Dungeon.
             The game lasted 00:28:24 (5924 turns).

Gargo the Digger (Gargoyle Earth Elementalist)      Turns: 5924, Time: 00:28:25

Health: -1/41      AC: 12    Str:  9    XL:     8   Next: 28%
Magic:  1/17       EV: 12    Int: 17    God:    Vehumet [......]
Gold:   259        SH:  0    Dex:  8    Spells: 3 memorised, 10 levels left

rFire  . . .     SeeInvis .     a - +8 dagger of Painful Death {drain, rElec MR++ Dex-2 Stlth+}
rCold  . . .     Gourm    .     B - +0 robe
rNeg   + . .     Faith    .     (no shield)
rPois  ∞         Spirit   .     c - +0 helmet
rElec  +         Reflect  .     l - +1 cloak
rCorr  .         Harm     .     e - +1 pair of gloves
MR     ++...                    (no boots)
Stlth  +++.......               (no amulet)
                                (no ring)
                                j - -4 ring of strength

@: very slightly contaminated
A: negative energy resistance 1, electricity resistance, unbreathing,
petrification resistance, rot immunity, AC +5
a: Renounce Religion


You were on level 6 of the Dungeon.
You worshipped Vehumet.
Vehumet was noncommittal.
You were near starving.

You visited 2 branches of the dungeon, and saw 8 of its levels.

You collected 259 gold pieces.

Inventory:

Hand Weapons
 a - the +8 dagger of Painful Death (weapon) {drain, rElec MR++ Dex-2 Stlth+}
   (You found it on level 4 of the Dungeon)

   A truly terrible weapon, it drains the life of those it strikes.
   It affects your dexterity (-2).
   It insulates you from electricity.
   It affects your resistance to hostile enchantments.
   It makes you more stealthy.
 g - a +0 mace
Missiles
 b - 133 stones (quivered)
Armour
 c - a +0 helmet (worn)
 e - a +1 pair of gloves (worn)
 l - a +1 cloak (worn)
 o - a +2 pair of gloves
 B - a +0 robe (worn)
Jewellery
 f - an uncursed amulet of rage
 j - a -4 ring of strength (left hand)
Scrolls
 h - a scroll of enchant weapon {unknown}
 p - a scroll of teleportation
 q - a scroll of remove curse
 r - 3 scrolls of identify
 s - a scroll of fog {unknown}
 t - 2 scrolls of amnesia {unknown}
 w - 3 scrolls of noise {unknown}
 A - a scroll of blinking
Potions
 d - a potion of degeneration {unknown}
 i - a potion of might {unknown}
 k - 2 potions of agility {unknown}
 m - a potion of curing
 n - a potion of haste {unknown}
Comestibles
 z - 3 fruits


   Skills:
 - Level 1.5 Dodging
 - Level 2.1 Stealth
 * Level 6.4 Spellcasting
 + Level 4.7 Conjurations
   Level 0.7 Transmutations
 + Level 6.8 Earth Magic


You had 10 spell levels left.
You knew the following spells:

 Your Spells              Type           Power        Failure   Level  Hunger
a - Sandblast             Erth           ####..       1%          1    None
b - Lee's Rapid Deconstr  Erth           ####......   24%         5    #####..
A - Stone Arrow           Conj/Erth      ####..       4%          3    ##.....


Dungeon Overview and Level Annotations

Branches:
Dungeon (7/15)             Temple (1/1) D:5

Altars:
Ashenzari
Hepliaklqana
Kikubaaqudgha
Okawaru
Qazlal
Trog
Uskayaw
Vehumet
Zin
The Shining One

Shops:
D:5 %?*[   D:6 ?%

Annotations:
D:6 Duvessa


Innate Abilities, Weirdness & Mutations

You are resistant to torment.
Your stone body is resilient. (AC +5)
You are immune to poison.
You resist negative energy. (rN+)
You are resistant to electric shocks. (rElec)
You can survive without breathing.
You are immune to petrification.
You are immune to rotting.


Message History

* * * LOW HITPOINT WARNING * * *
You puncture Duvessa!
Duvessa is severely wounded.
Duvessa barely misses you. Duvessa hits you but does no damage.
You hit Duvessa. You drain Duvessa!
Duvessa is almost dead.
Duvessa hits you but does no damage.
You hit Duvessa.
Duvessa is almost dead.
Duvessa hits you with a rapier!
* * * LOW HITPOINT WARNING * * *
You feel better. Duvessa hits you but does no damage.
Duvessa hits you with a rapier.
* * * LOW HITPOINT WARNING * * *
You closely miss Duvessa.
Duvessa is almost dead.
Duvessa hits you with a rapier!
* * * LOW HITPOINT WARNING * * *
You feel better. Duvessa hits you with a rapier!
You die...

# # # # ## #####
## #... ..... .#
..... ###### .#
######...# ......
.###.# #...@e.#
###### .....#
####.####...# #
.##### #.......#
.## .##...##
#.##.##.# # #####
.#.###.###.##.##.#
#...<
##.#............>.
#.###
.#.#.#.#.#.#####.#
........∩#.#
.###.#####..


You could see Duvessa (berserk).

Vanquished Creatures
  Menkaure (D:6)
  A centaur (D:6)
  3 scorpions (D:4)
  Dowan (D:6)
  4 crimson imps
  A howler monkey (D:6)
  A bullfrog skeleton (D:6)
  Jessica (D:2)
  2 iguanas (D:4)
  4 worker ants
  An orc wizard (D:4)
  The ghost of dscm the Digger, a weakling OpEE (D:4)
  4 gnolls (D:2)
  9 adders
  An ooze (D:2)
  3 adder skeletons
  2 worms (D:3)
  4 dart slugs
  8 leopard geckos
  14 orcs
  7 giant cockroaches
  3 goblins
  4 hobgoblins
  2 jackals (D:3)
  2 quokkas (D:6)
  A ball python (D:3)
  A ball python skeleton (D:4)
  14 bats
  3 frilled lizards
  A jackal skeleton (D:4)
  9 kobolds
  7 rats
  A fungus (D:4)
121 creatures vanquished.

Notes
Turn   | Place    | Note
-------+----------+-------------------------------------------
     0 | D:1      | Gargo the Gargoyle Earth Elementalist began the quest for the Orb.
     0 | D:1      | Reached XP level 1. HP: 10/10 MP: 3/3
   209 | D:1      | Reached XP level 2. HP: 12/15 MP: 0/5
   261 | D:2      | Noticed Jessica
   263 | D:2      | Killed Jessica
   263 | D:2      | Reached XP level 3. HP: 19/19 MP: 4/7
   268 | D:2      | Learned a level 3 spell: Stone Arrow
  1066 | D:2      | Reached XP level 4. HP: 16/24 MP: 3/8
  1164 | D:2      | Reached skill level 1 in Conjurations
  1560 | D:3      | Reached XP level 5. HP: 28/28 MP: 6/10
  1588 | D:3      | Found a faded altar of an unknown god.
  1588 | D:3      | Found a faded altar of an unknown god.
  1594 | D:3      | Found a faded altar of an unknown god.
  1597 | D:3      | Found a glowing golden altar of the Shining One.
  1599 | D:3      | Found a faded altar of an unknown god.
  2169 | D:2      | Learned a level 5 spell: Lee's Rapid Deconstruction
  2624 | D:2      | Reached skill level 5 in Earth Magic
  3063 | D:4      | Got a sapphire dagger
  3064 | D:4      | Identified the +8 dagger of Painful Death {drain, rElec MR++ Dex-2 Stlth+} (You found it on level 4 of the Dungeon)
  3104 | D:4      | Reached XP level 6. HP: 32/32 MP: 3/12
  3379 | D:4      | Reached XP level 7. HP: 36/36 MP: 10/14
  3394 | D:4      | Reached skill level 5 in Spellcasting
  3396 | D:4      | Found a hide-covered altar of Uskayaw.
  3594 | D:4      | Found a glowing golden altar of the Shining One.
  3612 | D:4      | Noticed dscm's ghost (weakling OpEE)
  3616 | D:4      | Killed dscm's ghost
  3701 | D:5      | Entered Level 5 of the Dungeon
  3882 | D:5      | Found Qihublef's Magic Scroll Shop.
  4029 | D:5      | Found Ikimaejy's General Store.
  4205 | D:5      | Found a staircase to the Ecumenical Temple.
  4214 | Temple   | Entered the Ecumenical Temple
  4274 | Temple   | Became a worshipper of Vehumet
  4463 | D:5      | Found Biumun's Armour Emporium.
  4891 | D:5      | Found Jallecener's Food Boutique.
  5201 | D:6      | Found a glowing golden altar of the Shining One.
  5203 | D:6      | Noticed Menkaure
  5227 | D:6      | Killed Menkaure
  5388 | D:6      | Reached XP level 8. HP: 27/41 MP: 8/17
  5590 | D:6      | Found Yleseid's Food Shoppe.
  5821 | D:6      | Found Wetufa's Magic Scroll Emporium.
  5906 | D:6      | Noticed Dowan
  5910 | D:6      | Noticed Duvessa
  5912 | D:6      | Killed Dowan
  5923 | D:6      | HP: 1/41 [Duvessa/rapier (9)]
  5924 | D:6      | Slain by Duvessa

Skill      XL: |  1  2  3  4  5  6  7 |
---------------+----------------------+-----
Spellcasting   | 3 4 6 |  6.4
Earth Magic    | 4 5 6 |  6.8
Conjurations   | 1 2 3 4 |  4.7
Dodging        | |  1.5
Stealth        | |  2.1
Transmutations | |  0.7

Action                   |  1- 3 |  4- 6 |  7- 9 || total
-------------------------+-------+-------+-------++-------
Melee: Dagger            |    10 |    16 |    24 ||    50
       Short sword       |     6 |    54 |       ||    60
 Cast: Sandblast         |    35 |   142 |    78 ||   255
       Stone Arrow       |       |     1 |    16 ||    17
       Lee's Rapid Decon |       |       |     1 ||     1
  Use: Scroll            |       |     3 |     3 ||     6
       Potion            |       |       |     3 ||     3
 Stab: Sleeping          |     5 |     3 |     8 ||    16
  Eat: Chunk             |       |     8 |     7 ||    15
Armor: Robe              |     9 |    58 |    29 ||    96
Dodge: Dodged            |    21 |    82 |    40 ||   143
